 Dungeon Crawl Stone Soup version 0.14-a0-1297-g3d87a2a (webtiles) character file.

354 Chiseanne the Charlatan (level 5, -7/41 HPs)
             Began as a Demigod Artificer on Dec 4, 2013.
             Mangled by an orc warrior
             ... wielding a +2,+3 orcish scimitar
              (13 damage)
             ... on Level 3 of the Dungeon.
             The game lasted 00:14:17 (4961 turns).

Chiseanne the Charlatan (Demigod Artificer)         Turns: 4961, Time: 00:14:18

HP  -7/41        AC  7     Str 16      XL: 5   Next: 82%
MP  11/11        EV 13     Int 17      God:
Gold 65          SH  8     Dex 16      Spells:  0 memorised,  4 levels left

rFire  . . .     SeeInvis .     j - +1,+0 dwarf mace
rCold  . . .     Clarity  .     d - +1 orc ring mail
rNeg   . . .     Conserve .     l - +0 buckler (curse)
rPois  .         rCorr    .     (no helmet)
rElec  .         rRot     .     (no cloak)
SustAb . .       Spirit   .     (no gloves)
rMut   .         Warding  .     r - +0 pair of boots
Saprov . . .     Stasis   .     (no amulet)
                                (no ring)
                                k - +4 ring of evasion

@: slightly resistant to hostile enchantments, unstealthy
A: no striking features
a: no special abilities


You were on level 3 of the Dungeon.
You were very hungry.

You visited 1 branch of the dungeon, and saw 3 of its levels.

You collected 65 gold pieces.

Inventory:

Hand weapons
 j - a +1,+0 dwarven mace (weapon)
 s - a -1 orcish blowgun
Missiles
 a - 3 darts (quivered)
Armour
 d - a +1 orcish ring mail (worn)
 i - a +0 orcish chain mail
 l - a cursed +0 buckler (worn)
 r - a +0 pair of boots (worn)
Magical devices
 b - a wand of flame (4)
 c - a wand of enslavement (6)
 m - a wand of digging (10)
Comestibles
 f - 4 bread rations
 g - an apple
 o - a meat ration
Scrolls
 h - a scroll of remove curse
 n - 3 scrolls of identify
 p - a scroll of teleportation
 q - a scroll of recharging
Jewellery
 k - a +4 ring of evasion (left hand)
Potions
 e - 3 potions of curing


   Skills:
 * Level 1.6 Fighting
   Level 0.8 Short Blades
 * Level 1.4 Maces & Flails
 * Level 2.2 Armour
 * Level 3.3 Dodging
 * Level 1.7 Stealth
 * Level 1.0 Shields
 * Level 3.7 Evocations


You had 4 spell levels left.
You didn't know any spells.

Dungeon Overview and Level Annotations

Branches:
Dungeon (3/16)


Message History

The orc warrior is heavily wounded.
The orc warrior hits you with an orcish scimitar.
You hit the orc warrior but do no damage.
The orc warrior is moderately wounded.
The orc warrior hits you with an orcish scimitar.
You sock the orc warrior!
The orc warrior is severely wounded.
The orc warrior hits you with an orcish scimitar!
You hit the orc warrior.
The orc warrior is severely wounded.
The orc warrior barely misses you.
The orc warrior hits you with an orcish scimitar!
* * * LOW HITPOINT WARNING * * *
You hit the orc warrior but do no damage.
The orc warrior is severely wounded.
The orc warrior completely misses you.
Drink which item? (? for menu, Esc to quit)
You feel better.
The orc warrior hits you with an orcish scimitar!
You die...

.....##...##....%........#
###..#⌠)#.⌠#)...##########
#..##...##....#
#...##.###....#
###...##.#.#....##########
..>...#..................#
......##.#.#.....).......#
########.#######o.########
# ##...## #@.# # #⌠.#.⌠#
#..# # ##...## #..#
########_#######..########
.......###...............#
.........................#
###..########.!..........#
#..# #............# #..#
#............#


You could see an orc warrior.

Vanquished Creatures
  2 orc priests (D:3)
  A scorpion (D:2)
  A worker ant (D:3)
  Ijyb (D:2)
  5 adders
  5 worms
  2 giant geckos
  3 orcs (D:3)
  A ball python (D:1)
  A bat skeleton (D:3)
  6 giant cockroaches
  5 goblins
  9 hobgoblins
  6 jackals (D:1)
  An ooze (D:1)
  A quokka (D:2)
  7 bats
  4 giant newts
  A goblin zombie (D:3)
  A hobgoblin skeleton (D:3)
  11 kobolds
  A kobold skeleton (D:3)
  3 rats
78 creatures vanquished.

Vanquished Creatures (collateral kills)
  A swamp drake (D:3)
  3 orcs (D:3)
  A goblin (D:1)
  A rat (D:2)
6 creatures vanquished.

Vanquished Creatures (others)
  A goblin (D:1)
  A hobgoblin (D:3)
  A jackal (D:1)
  2 bats (D:1)
5 creatures vanquished.

Grand Total: 89 creatures vanquished

Notes
Turn   | Place    | Note
--------------------------------------------------------------
     0 | D:1      | Chiseanne, the Demigod Artificer, began the quest for the Orb.
     0 | D:1      | Reached XP level 1. HP: 15/15 MP: 2/2
   361 | D:1      | Reached skill level 3 in Evocations
   805 | D:1      | Reached XP level 2. HP: 22/22 MP: 4/4
   909 | D:1      | Reached skill level 1 in Stealth
  1096 | D:1      | Reached skill level 1 in Fighting
  1413 | D:2      | Reached XP level 3. HP: 3/28 MP: 6/6
  1682 | D:2      | Noticed Ijyb
  2023 | D:2      | Reached skill level 1 in Armour
  2108 | D:2      | Killed Ijyb
  2612 | D:2      | Reached XP level 4. HP: 2/35 MP: 9/9
  3476 | D:3      | Paralysed by a potion of paralysis for 4 turns
  3959 | D:3      | Reached skill level 1 in Maces & Flails
  3965 | D:3      | Found a deep blue altar of Sif Muna.
  4141 | D:3      | Found an iron altar of Okawaru.
  4161 | D:3      | Found a shimmering altar of Xom.
  4163 | D:3      | Noticed an orc warrior
  4168 | D:3      | Noticed a swamp drake
  4168 | D:3      | an orc changed into a swamp drake
  4187 | D:3      | Reached XP level 5. HP: 27/40 MP: 10/10
  4930 | D:3      | Killed a swamp drake
  4930 | D:3      | Reached skill level 1 in Shields
  4959 | D:3      | HP: 1/41 [orc warrior/orcish scimitar (20)]
  4961 | D:3      | Mangled by an orc warrior

Action                   |  1- 3 |  4- 6 || total
-------------------------+-------+-------++-------
Melee: Short sword       |    73 |       ||    73
       Mace              |   111 |   172 ||   283
Evoke: Wand              |    22 |    13 ||    35
  Use: Scroll            |     6 |     1 ||     7
       Potion            |       |     5 ||     5
 Stab: Sleeping          |     1 |       ||     1
